Description

This build opens with an Extractor Trick into a safe 16 Hatch expand, aiming for a strong economic foundation and fast tech. It transitions into a Roach–Ling–Baneling composition supported by Vipers and eventually Ultralisks, with full upgrades and flexible tech options like Infestors and Mutalisks.

VOD

https://www.youtube.com/watch?v=wRZ2Yz2zQhc&t=1857s

Replay - EWC 2025 - Game1 - Serral vs Cure - Ultralove

Build Order

Get SALT Encoding   

  12  0:00  Drone  
  13  0:08  Drone  
  14  0:14  Extractor  
  14  0:15  Drone  
  15  0:21  Overlord  
  15  0:40  Drone  
  16  0:45  Hatchery  
  16  0:49  Drone x2  
  16  0:56  Drone  
  18  1:07  Extractor  
  17  1:12  Spawning Pool  
  17  1:14  Drone x2  
  18  1:26  Drone  
  21  1:58  Queen x2  
  21  2:00  Zergling x4  
  27  2:09  Overlord  
  28  2:23  Hatchery  
  31  2:38  Metabolic Boost  
  31  2:46  Queen  
  33  2:52  Overlord  
  36  3:09  Overlord  
  43  3:23  Extractor, Queen x2  
  48  3:39  Queen  
  51  3:41  Overlord  
  54  3:55  Zergling x4  
  57  4:00  Roach Warren  
  61  4:23  Lair  
  63  4:27  Zergling x10  
  72  4:39  Zergling x2  
  77  4:49  Spore Crawler  
  77  4:54  Extractor x2  
  86  5:17  Hatchery, Evolution Chamber x2  
  86  5:21  Extractor  
  86  5:22  Glial Reconstitution  
  86  5:25  Overseer  
  88  5:32  Extractor x2  
  90  5:40  Infestation Pit  
  90  5:45  Zerg Ground Armor Level 1  
  97  5:54  Zerg Melee Weapons Level 1  
  99  5:57  Roach x3  
  103  6:05  Roach x3  
  103  6:11  Roach x2  
  113  6:15  Baneling Nest  
  115  6:23  Hive  
  117  6:27  Roach x2  
  126  6:35  Queen  
  126  6:37  Extractor  
  142  7:00  Centrifugal Hooks  
  148  7:15  Ravager x4  
  155  7:18  Hatchery  
  163  7:36  Viper x2  
  163  7:37  Adrenal Glands  
  169  7:48  Zerg Ground Armor Level 2  
  176  7:57  Zerg Melee Weapons Level 2  
  187  8:12  Baneling x10  
  190  8:57  Hatchery  
  194  9:04  Ravager x6  
Spawning Tool Build Advisor. Get it on Overwolf

Go to:

Details

  • Created by: lkojr89
  • Published on: Jul 28, 2025
  • Modified on: Jul 28, 2025
  • Patch: 5.0.11
  • Difficulty: Hard
Show
View Real Time Build Order
Export as new Build Order

Comments (0)

There are no comments. Be the first!

Create an account to comment!